General information
- name: BNet
- type: Ladder team game (AT/RT)
- host: Battle.net
- saver: RawAndBleeding
map: Cherryville
- players: 8
- length: 50:46
- speed: Fast
- version: 1.26 W3XP
- replay type: Public
» download(337 KB)
Players
team 1 (winner)
XxWizardFacexX (
pink | 43 APM | 2194 actions | 50:46)
5 Mountain King
3 Storm Bolt
2 Bash
4 Paladin
2 Holy Light
2 Divine Shield
4 Archmage
2 Summon Water Elemental
2 Brilliance Aura
» actions
| Assign group hotkey | 36 | |
| Basic commands | 19 | |
| Build / train | 98 | |
| Enter build submenu | 27 | |
| Enter hero's abilities submenu | 13 | |
| Give item / drop item | 3 | |
| Right click | 899 | |
| Select / deselect | 322 | |
| Select group hotkey | 625 | |
| Use ability | 152 | |
2194 total
» units
| Peasant | 11 | |
| Footman | 3 | |
| Goblin Shredder | 1 | |
| Knight | 4 | |
| Siege Engine | 8 | |
27 total
» upgrades
| Masonry | 3 | |
| Defend | 1 | |
| Lumber Harvesting | 2 | |
| Plating | 3 | |
| Swords | 3 | |
| Gunpowder | 3 | |
| Animal War Training | 1 | |
| Barrage | 1 | |
| Flak Cannons | 1 | |
| Flying Machine Bombs | 1 | |
| Fragmentation Shards | 1 | |
| Flare | 1 | |
| Armor | 1 | |
22 total
» buildings
| Altar of Kings | 1 | |
| Farm | 13 | |
| Keep | 1 | |
| Lumber Mill | 1 | |
| Scout Tower | 36 | |
| Barracks | 2 | |
| Arcane Tower | 6 | |
| Arcane Vault | 2 | |
| Town Hall | 2 | |
| Guard Tower | 15 | |
| Castle | 1 | |
| Blacksmith | 1 | |
| Workshop | 3 | |
| Cannon Tower | 1 | |
85 total
» build order
00:26 Altar of Kings
00:40 Farm
00:42 Farm
01:28 Farm
01:34 Farm
02:41 Keep
02:50 Lumber Mill
03:01 Scout Tower
03:20 Barracks
03:21 Barracks
03:24 Farm
03:25 Farm
03:41 Arcane Tower
03:55 Arcane Vault
06:55 Scout Tower
06:58 Scout Tower
07:00 Scout Tower
07:20 Scout Tower
07:21 Scout Tower
07:22 Scout Tower
07:44 Town Hall
07:47 Arcane Tower
07:52 Guard Tower
07:57 Scout Tower
07:58 Scout Tower
08:02 Scout Tower
08:14 Guard Tower
08:23 Arcane Tower
08:27 Arcane Tower
08:31 Guard Tower
08:33 Arcane Tower
08:38 Scout Tower
08:39 Scout Tower
08:40 Scout Tower
09:11 Guard Tower
09:18 Scout Tower
09:19 Scout Tower
09:20 Scout Tower
09:21 Scout Tower
09:23 Scout Tower
09:37 Guard Tower
10:30 Guard Tower
10:34 Scout Tower
10:37 Scout Tower
11:03 Guard Tower
11:20 Castle
11:28 Guard Tower
11:34 Arcane Vault
11:38 Scout Tower
11:40 Scout Tower
11:43 Scout Tower
11:48 Guard Tower
11:56 Blacksmith
12:56 Workshop
12:57 Workshop
13:04 Workshop
13:09 Farm
13:10 Farm
13:11 Farm
13:13 Farm
13:14 Farm
13:40 Arcane Tower
14:17 Guard Tower
14:20 Cannon Tower
20:32 Farm
20:33 Farm
24:08 Scout Tower
24:09 Scout Tower
24:10 Scout Tower
24:10 Scout Tower
24:12 Scout Tower
25:36 Scout Tower
25:37 Scout Tower
25:37 Scout Tower
25:56 Scout Tower
25:57 Scout Tower
25:58 Scout Tower
25:59 Scout Tower
25:59 Scout Tower
26:04 Town Hall
27:10 Guard Tower
27:10 Guard Tower
27:39 Guard Tower
» items
| Orb of Fire | 2 | |
| Staff of Sanctuary | 1 | |
| Scroll of Town Portal | 2 | |
| Potion of Healing | 2 | |
| Orb of Lightning | 1 | |
8 total

»
zion360 (
yellow | 28 APM | 1289 actions | 46:46)
5 Paladin
1 Holy Light
3 Devotion Aura
1 Divine Shield
» actions
| Assign group hotkey | 4 | |
| Basic commands | 21 | |
| Build / train | 118 | |
| Enter build submenu | 35 | |
| Enter hero's abilities submenu | 5 | |
| Give item / drop item | 4 | |
| Remove unit from queue | 2 | |
| Right click | 381 | |
| Select / deselect | 475 | |
| Select group hotkey | 160 | |
| Use ability | 84 | |
1289 total
» units
| Peasant | 44 | |
| Footman | 5 | |
| Knight | 5 | |
| Spell Breaker | 3 | |
| Rifleman | 8 | |
| Priest | 1 | |
66 total
» upgrades
| Swords | 3 | |
| Plating | 2 | |
| Lumber Harvesting | 1 | |
| Magic Sentry | 1 | |
| Control Magic | 1 | |
| Animal War Training | 1 | |
| Priest Training | 1 | |
| Sorceress Training | 1 | |
| Long Rifles | 1 | |
| Masonry | 1 | |
| Gunpowder | 1 | |
| Armor | 1 | |
15 total
» buildings
| Altar of Kings | 1 | |
| Farm | 22 | |
| Barracks | 2 | |
| Lumber Mill | 2 | |
| Keep | 1 | |
| Arcane Vault | 1 | |
| Blacksmith | 1 | |
| Scout Tower | 4 | |
| Guard Tower | 11 | |
| Town Hall | 4 | |
| Castle | 1 | |
| Arcane Sanctum | 2 | |
52 total
» build order
00:21 Altar of Kings
01:00 Farm
01:02 Farm
01:04 Farm
01:21 Barracks
02:22 Barracks
02:34 Lumber Mill
02:54 Keep
03:02 Farm
03:44 Arcane Vault
04:19 Blacksmith
04:32 Farm
05:04 Scout Tower
05:42 Farm
06:08 Guard Tower
06:17 Town Hall
06:26 Farm
07:18 Castle
07:23 Arcane Sanctum
07:37 Arcane Sanctum
10:13 Guard Tower
12:01 Guard Tower
13:21 Guard Tower
14:22 Guard Tower
14:24 Guard Tower
17:30 Scout Tower
17:30 Scout Tower
18:09 Farm
18:09 Farm
18:13 Guard Tower
18:24 Guard Tower
18:27 Guard Tower
18:30 Scout Tower
21:38 Farm
21:58 Farm
22:19 Farm
22:52 Guard Tower
25:02 Town Hall
25:54 Farm
28:43 Lumber Mill
28:47 Town Hall
33:23 Town Hall
34:41 Farm
35:04 Farm
35:09 Farm
36:14 Farm
36:28 Farm
36:59 Farm
36:59 Farm
37:00 Farm
37:23 Guard Tower
» items
| Scroll of Regeneration | 1 | |
| Ivory Tower | 12 | |
| Orb of Fire | 1 | |
| Scroll of Town Portal | 2 | |
| Orb of Lightning | 1 | |
17 total
sodapaopgirlq (
green | 54 APM | 2730 actions | 50:46)
5 Blademaster
3 Wind Walk
1 Critical Strike
1 Bladestorm
5 Shadow Hunter
2 Hex
3 Healing Wave
» actions
| Assign group hotkey | 206 | |
| Basic commands | 52 | |
| Build / train | 76 | |
| Enter build submenu | 19 | |
| Enter hero's abilities submenu | 12 | |
| Give item / drop item | 7 | |
| Remove unit from queue | 2 | |
| Right click | 948 | |
| Select / deselect | 310 | |
| Select group hotkey | 849 | |
| Use ability | 249 | |
2730 total
» units
| Peon | 9 | |
| Troll Witch Doctor | 4 | |
| Wind Rider | 4 | |
| Troll Batrider | 13 | |
| Goblin Zeppelin | 1 | |
31 total
» upgrades
| Ranged Weapons | 2 | |
| Witch Doctor Training | 2 | |
| Reinforced Defenses | 1 | |
| Envenomed Spears | 1 | |
6 total
» buildings
| Altar of Storms | 1 | |
| Orc Burrow | 7 | |
| Voodoo Lounge | 1 | |
| War Mill | 1 | |
| Watch Tower | 18 | |
| Stronghold | 1 | |
| Fortress | 1 | |
| Spirit Lodge | 1 | |
| Arcane Tower | 1 | |
| Beastiary | 2 | |
| Great Hall | 1 | |
35 total
» build order
00:07 Altar of Storms
00:21 Orc Burrow
00:50 Voodoo Lounge
01:07 War Mill
02:32 Watch Tower
02:33 Watch Tower
03:10 Stronghold
03:15 Orc Burrow
03:16 Orc Burrow
03:17 Orc Burrow
03:47 Watch Tower
04:36 Watch Tower
05:13 Watch Tower
05:24 Watch Tower
06:40 Fortress
07:13 Spirit Lodge
07:37 Arcane Tower
08:08 Orc Burrow
09:38 Beastiary
10:46 Beastiary
12:40 Orc Burrow
12:40 Orc Burrow
14:28 Watch Tower
14:28 Watch Tower
14:28 Watch Tower
14:29 Watch Tower
19:45 Great Hall
19:48 Watch Tower
19:49 Watch Tower
19:49 Watch Tower
19:50 Watch Tower
23:37 Watch Tower
23:37 Watch Tower
23:38 Watch Tower
23:38 Watch Tower
» items
| Healing Salve | 2 | |
| Lesser Clarity Potion | 4 | |
| Ivory Tower | 4 | |
| Boots of Speed | 2 | |
| Staff of Teleportation | 2 | |
| Potion of Invisibility | 2 | |
| Mechanical Critter | 1 | |
| Scroll of Town Portal | 1 | |
| Scroll of Healing | 1 | |
| Potion of Lesser Invulnerability | 1 | |
| Orb of Lightning | 1 | |
21 total
Tk-Noobfollower (
red | 37 APM | 1895 actions | 50:44)
7 Mountain King
3 Storm Bolt
3 Bash
1 Avatar
» actions
| Basic commands | 69 | |
| Build / train | 81 | |
| Enter build submenu | 56 | |
| Enter hero's abilities submenu | 7 | |
| Remove unit from queue | 2 | |
| Right click | 1165 | |
| Select / deselect | 436 | |
| Use ability | 79 | |
1895 total
» units
» upgrades
| Masonry | 2 | |
| Lumber Harvesting | 2 | |
| Storm Hammers | 1 | |
| Swords | 3 | |
| Plating | 0 | |
| Armor | 2 | |
10 total
» buildings
| Farm | 27 | |
| Lumber Mill | 3 | |
| Scout Tower | 6 | |
| Altar of Kings | 2 | |
| Arcane Tower | 3 | |
| Keep | 2 | |
| Town Hall | 3 | |
| Guard Tower | 2 | |
| Castle | 2 | |
| Arcane Vault | 1 | |
| Gryphon Aviary | 7 | |
| Blacksmith | 2 | |
60 total
» build order
00:56 Farm
01:32 Lumber Mill
01:35 Farm
01:41 Scout Tower
01:44 Altar of Kings
02:10 Arcane Tower
02:16 Farm
02:42 Scout Tower
03:14 Arcane Tower
03:22 Farm
04:19 Keep
05:05 Town Hall
05:52 Farm
06:20 Scout Tower
06:21 Scout Tower
06:33 Farm
06:49 Scout Tower
06:50 Scout Tower
06:52 Guard Tower
06:58 Castle
07:19 Farm
07:35 Arcane Vault
08:25 Gryphon Aviary
08:27 Gryphon Aviary
08:28 Gryphon Aviary
08:31 Farm
08:44 Blacksmith
09:02 Arcane Tower
09:04 Guard Tower
09:23 Farm
09:59 Lumber Mill
13:00 Blacksmith
18:40 Gryphon Aviary
18:42 Farm
18:43 Farm
19:02 Lumber Mill
19:27 Farm
19:28 Farm
23:27 Town Hall
26:40 Town Hall
28:49 Keep
31:12 Altar of Kings
32:35 Castle
33:28 Gryphon Aviary
33:33 Gryphon Aviary
33:38 Gryphon Aviary
33:43 Farm
33:45 Farm
33:47 Farm
34:54 Farm
34:55 Farm
35:03 Farm
35:38 Farm
35:41 Farm
35:43 Farm
36:48 Farm
36:51 Farm
36:53 Farm
37:31 Farm
37:34 Farm
» items
| Scroll of Town Portal | 5 | |
| Scroll of Regeneration | 2 | |
7 total
team 2 (loser)

»
Carley (
purple | 25 APM | 1271 actions | 50:46)
7 Lich
3 Frost Nova
3 Frost Armor
1 Death and Decay
» actions
| Basic commands | 2 | |
| Build / train | 53 | |
| Enter build submenu | 41 | |
| Enter hero's abilities submenu | 8 | |
| Give item / drop item | 3 | |
| Right click | 470 | |
| Select / deselect | 614 | |
| Use ability | 79 | |
1271 total
» units
| Acolyte | 7 | |
| Ghoul | 5 | |
| Crypt Fiend | 6 | |
| Frost Wyrm | 5 | |
23 total
» upgrades
| Creature Attack | 3 | |
| Web | 1 | |
| Burrow | 1 | |
| Creature Carapace | 2 | |
| Freezing Breath | 1 | |
8 total
» buildings
| Altar of Darkness | 1 | |
| Crypt | 2 | |
| Graveyard | 1 | |
| Ziggurat | 24 | |
| Tomb of Relics | 1 | |
| Halls of the Dead | 1 | |
| Sacrificial Pit | 1 | |
| Nerubian Tower | 1 | |
| Black Citadel | 1 | |
| Spirit Tower | 5 | |
| Boneyard | 3 | |
| Town Hall | 1 | |
| Altar of Kings | 2 | |
| Farm | 1 | |
45 total
» build order
00:47 Altar of Darkness
00:51 Crypt
00:57 Graveyard
01:01 Ziggurat
01:25 Crypt
02:15 Ziggurat
03:41 Ziggurat
04:16 Tomb of Relics
04:41 Halls of the Dead
07:51 Sacrificial Pit
09:54 Nerubian Tower
09:57 Black Citadel
10:22 Spirit Tower
11:03 Ziggurat
11:33 Ziggurat
12:28 Ziggurat
12:29 Ziggurat
12:30 Ziggurat
12:40 Boneyard
12:43 Boneyard
12:46 Boneyard
13:14 Ziggurat
14:28 Spirit Tower
18:09 Spirit Tower
21:48 Ziggurat
21:52 Ziggurat
21:56 Ziggurat
21:58 Ziggurat
23:24 Ziggurat
23:25 Ziggurat
23:26 Ziggurat
23:28 Ziggurat
24:39 Spirit Tower
26:38 Spirit Tower
27:52 Ziggurat
27:54 Ziggurat
28:00 Ziggurat
28:02 Ziggurat
28:04 Ziggurat
28:12 Ziggurat
28:16 Ziggurat
41:51 Town Hall
41:53 Altar of Kings
41:57 Farm
43:41 Altar of Kings
» items
| Sacrificial Skull | 1 | |
| Rod of Necromancy | 1 | |
| Dust of Appearance | 1 | |
| Scroll of Town Portal | 1 | |
| Orb of Fire | 1 | |
| Scroll of Regeneration | 1 | |
6 total
Opponet (
blue | 33 APM | 1373 actions | 41:19)
7 Death Knight
2 Death Coil
3 Unholy Aura
2 Animate Dead
4 Dreadlord
2 Vampiric Aura
2 Carrion Swarm
» actions
| Basic commands | 3 | |
| Build / train | 108 | |
| Enter build submenu | 31 | |
| Enter hero's abilities submenu | 10 | |
| Give item / drop item | 6 | |
| Remove unit from queue | 29 | |
| Right click | 583 | |
| Select / deselect | 477 | |
| Use ability | 118 | |
1373 total
» units
| Acolyte | 8 | |
| Ghoul | 3 | |
| Crypt Fiend | 10 | |
| Obsidian Statue | 2 | |
| Meatwagon | 2 | |
| Goblin Shredder | 1 | |
| Necromancer | 5 | |
31 total
» upgrades
| Creature Carapace | 3 | |
| Web | 1 | |
| Creature Attack | 3 | |
| Necromancer Training | 2 | |
| Skeletal Longevity | 1 | |
| Unholy Armor | 1 | |
| Unholy Strength | 0 | |
| Exhume Corpses | 1 | |
| Skeletal Mastery | 0 | |
12 total
» buildings
| Altar of Darkness | 1 | |
| Ziggurat | 10 | |
| Crypt | 3 | |
| Graveyard | 2 | |
| Nerubian Tower | 1 | |
| Tomb of Relics | 1 | |
| Spirit Tower | 2 | |
| Halls of the Dead | 2 | |
| Necropolis | 2 | |
| Slaughterhouse | 1 | |
| Temple of the Damned | 2 | |
| Black Citadel | 1 | |
28 total
» build order
00:07 Altar of Darkness
00:10 Ziggurat
00:45 Crypt
00:59 Graveyard
01:27 Ziggurat
01:36 Nerubian Tower
02:27 Tomb of Relics
02:50 Spirit Tower
04:35 Halls of the Dead
07:06 Necropolis
07:11 Ziggurat
07:14 Ziggurat
07:16 Ziggurat
07:23 Necropolis
09:03 Spirit Tower
09:48 Slaughterhouse
11:13 Temple of the Damned
11:25 Temple of the Damned
11:31 Ziggurat
12:15 Black Citadel
14:21 Graveyard
17:00 Crypt
17:05 Crypt
23:39 Ziggurat
23:48 Halls of the Dead
28:24 Ziggurat
28:30 Ziggurat
28:33 Ziggurat
» items
| Rod of Necromancy | 2 | |
| Sacrificial Skull | 1 | |
| Scroll of Town Portal | 5 | |
| Potion of Lesser Invulnerability | 1 | |
| Scroll of Healing | 1 | |
| Potion of Mana | 3 | |
| Scroll of Regeneration | 3 | |
| Potion of Healing | 2 | |
18 total
Unknow_name (
teal | 196 APM | 8140 actions | 41:26)
6 Mountain King
3 Storm Bolt
1 Bash
1 Thunder Clap
1 Avatar
4 Paladin
2 Holy Light
1 Divine Shield
1 Devotion Aura
» actions
| Assign group hotkey | 29 | |
| Basic commands | 2 | |
| Build / train | 184 | |
| Enter build submenu | 58 | |
| Enter hero's abilities submenu | 10 | |
| Give item / drop item | 3 | |
| Right click | 2767 | |
| Select / deselect | 774 | |
| Select group hotkey | 4113 | |
| Use ability | 198 | |
8140 total
» units
| Peasant | 36 | |
| Footman | 9 | |
| Knight | 2 | |
| Dragonhawk Rider | 10 | |
| Gryphon Rider | 1 | |
58 total
» upgrades
| Defend | 1 | |
| Lumber Harvesting | 2 | |
| Animal War Training | 1 | |
| Swords | 1 | |
| Armor | 2 | |
| Gunpowder | 1 | |
| Cloud | 1 | |
| Storm Hammers | 1 | |
10 total
» buildings
| Altar of Kings | 2 | |
| Farm | 21 | |
| Barracks | 2 | |
| Scout Tower | 15 | |
| Arcane Tower | 15 | |
| Keep | 8 | |
| Arcane Vault | 1 | |
| Town Hall | 3 | |
| Lumber Mill | 1 | |
| Castle | 7 | |
| Guard Tower | 12 | |
| Blacksmith | 1 | |
| Gryphon Aviary | 3 | |
91 total
» build order
00:13 Altar of Kings
00:20 Farm
00:35 Barracks
00:50 Farm
01:35 Scout Tower
01:51 Farm
02:08 Arcane Tower
02:08 Arcane Tower
02:08 Arcane Tower
02:57 Keep
02:58 Keep
03:12 Arcane Vault
04:30 Scout Tower
04:32 Scout Tower
04:51 Arcane Tower
04:51 Arcane Tower
05:27 Town Hall
05:39 Lumber Mill
06:13 Arcane Tower
06:13 Arcane Tower
06:13 Arcane Tower
06:39 Farm
08:29 Castle
08:30 Castle
08:37 Scout Tower
08:39 Scout Tower
09:09 Barracks
11:37 Guard Tower
11:38 Guard Tower
11:38 Guard Tower
11:41 Scout Tower
11:43 Scout Tower
11:51 Scout Tower
12:14 Blacksmith
12:20 Farm
12:39 Guard Tower
12:40 Guard Tower
12:53 Farm
12:54 Farm
13:08 Gryphon Aviary
13:34 Scout Tower
13:47 Farm
13:48 Farm
14:36 Gryphon Aviary
15:01 Guard Tower
15:01 Guard Tower
15:05 Farm
15:08 Farm
15:12 Farm
15:14 Farm
15:16 Farm
15:19 Farm
16:49 Gryphon Aviary
17:21 Farm
19:00 Altar of Kings
22:12 Farm
23:19 Town Hall
25:17 Scout Tower
26:08 Keep
26:09 Keep
26:22 Arcane Tower
26:22 Arcane Tower
26:23 Arcane Tower
26:25 Scout Tower
26:59 Guard Tower
26:59 Guard Tower
27:49 Town Hall
30:52 Castle
30:52 Castle
30:53 Castle
31:37 Scout Tower
31:59 Scout Tower
32:06 Scout Tower
32:09 Arcane Tower
32:13 Scout Tower
33:35 Farm
35:04 Farm
37:04 Farm
37:07 Farm
38:41 Keep
38:41 Keep
38:41 Keep
» items
| Scroll of Regeneration | 7 | |
| Lesser Clarity Potion | 15 | |
| Boots of Speed | 2 | |
| Dust of Appearance | 2 | |
| Scroll of Town Portal | 3 | |
| Orb of Fire | 2 | |
| Potion of Lesser Invulnerability | 1 | |
32 total
RawAndBleeding (
orange | 80 APM | 4059 actions | 50:46)
9 Archmage
3 Blizzard
3 Brilliance Aura
1 Mass Teleport
2 Summon Water Elemental
» actions
| Assign group hotkey | 92 | |
| Basic commands | 252 | |
| Build / train | 177 | |
| ESC pressed | 3 | |
| Enter build submenu | 65 | |
| Enter hero's abilities submenu | 9 | |
| Give item / drop item | 11 | |
| Right click | 1468 | |
| Select / deselect | 455 | |
| Select group hotkey | 1324 | |
| Use ability | 201 | |
4059 total
» units
| Peasant | 14 | |
| Footman | 4 | |
| Goblin Shredder | 4 | |
| Sorceress | 1 | |
| Gryphon Rider | 8 | |
| Priest | 1 | |
| Mortar Team | 5 | |
| Dragonhawk Rider | 2 | |
39 total
» upgrades
| Masonry | 3 | |
| Swords | 3 | |
| Armor | 3 | |
| Sorceress Training | 2 | |
| Magic Sentry | 1 | |
| Animal War Training | 1 | |
| Lumber Harvesting | 2 | |
| Storm Hammers | 1 | |
| Cloud | 1 | |
| Priest Training | 2 | |
| Gunpowder | 3 | |
| Fragmentation Shards | 1 | |
| Flare | 1 | |
24 total
» buildings
| Altar of Kings | 1 | |
| Barracks | 1 | |
| Farm | 19 | |
| Arcane Vault | 1 | |
| Lumber Mill | 1 | |
| Town Hall | 1 | |
| Scout Tower | 27 | |
| Keep | 3 | |
| Guard Tower | 35 | |
| Blacksmith | 1 | |
| Castle | 2 | |
| Gryphon Aviary | 3 | |
| Arcane Sanctum | 1 | |
| Workshop | 4 | |
| Cannon Tower | 16 | |
116 total
» build order
01:02 Altar of Kings
01:03 Barracks
01:05 Farm
01:08 Farm
01:10 Farm
01:50 Farm
01:53 Arcane Vault
02:19 Farm
04:07 Lumber Mill
04:20 Town Hall
04:23 Scout Tower
04:23 Scout Tower
04:24 Scout Tower
04:26 Scout Tower
04:53 Keep
04:53 Keep
04:53 Keep
05:15 Guard Tower
05:22 Guard Tower
06:06 Blacksmith
06:11 Guard Tower
06:11 Guard Tower
06:12 Guard Tower
07:28 Castle
07:28 Castle
07:45 Gryphon Aviary
07:48 Gryphon Aviary
08:21 Scout Tower
08:22 Scout Tower
08:23 Scout Tower
08:58 Guard Tower
08:59 Guard Tower
09:17 Arcane Sanctum
09:21 Gryphon Aviary
09:25 Farm
14:38 Farm
14:39 Farm
14:42 Farm
14:44 Farm
19:02 Farm
20:25 Scout Tower
20:26 Scout Tower
20:27 Scout Tower
20:28 Scout Tower
20:29 Scout Tower
20:30 Scout Tower
20:31 Scout Tower
20:32 Scout Tower
20:39 Scout Tower
20:40 Scout Tower
20:40 Scout Tower
20:41 Scout Tower
20:42 Scout Tower
21:11 Guard Tower
21:11 Guard Tower
21:12 Guard Tower
21:33 Guard Tower
21:33 Guard Tower
21:34 Guard Tower
33:39 Workshop
33:40 Workshop
33:41 Workshop
33:44 Workshop
34:11 Scout Tower
34:12 Scout Tower
34:13 Scout Tower
34:14 Scout Tower
34:16 Scout Tower
34:19 Scout Tower
34:21 Scout Tower
34:47 Guard Tower
34:47 Guard Tower
34:47 Guard Tower
34:50 Cannon Tower
34:50 Cannon Tower
34:51 Cannon Tower
34:51 Cannon Tower
34:51 Cannon Tower
34:51 Cannon Tower
34:52 Cannon Tower
34:52 Cannon Tower
34:52 Cannon Tower
34:55 Guard Tower
34:55 Guard Tower
34:56 Guard Tower
34:56 Guard Tower
34:56 Cannon Tower
34:57 Guard Tower
34:57 Guard Tower
34:57 Guard Tower
34:57 Guard Tower
42:03 Farm
42:04 Farm
42:05 Farm
42:06 Farm
42:09 Farm
42:21 Farm
42:26 Farm
42:27 Farm
» items
| Scroll of Regeneration | 7 | |
| Potion of Invisibility | 3 | |
| Staff of Teleportation | 1 | |
| Lesser Clarity Potion | 1 | |
| Scroll of Town Portal | 2 | |
| Staff of Sanctuary | 1 | |
| Mechanical Critter | 4 | |
19 total
Chat log
(00:27 / Allies) Opponet: fiends stats, few necros
(00:31 / Allies) Opponet: ,*
(00:59 / All) Tk-Noobfollower: Kodo #1
(01:17 / All) sodapaopgirlq: define #1
(01:27 / All) Tk-Noobfollower: the best in the buis dawggg
(01:42 / Allies) Carley: fiends wyrms then
(01:44 / All) sodapaopgirlq: 39 hero kills is definitely impressive
(01:54 / All) Tk-Noobfollower: mher tho
(01:56 / All) Tk-Noobfollower: only thing
(01:56 / All) XxWizardFacexX: how do you get these stats
(02:02 / All) Tk-Noobfollower: although all at the top probably mh
(02:12 / Allies) Opponet: what r they talking about?
(03:03 / All) sodapaopgirlq: i think they always say rush i just ignore them instinctively
(05:14 / Allies) Unknow_name: wood?
(05:28 / Allies) Unknow_name: ty
(06:45 / All) sodapaopgirlq: dat creepjack
(09:00 / Allies) Carley: fuckin twoers
(10:01 / All) zion360: pussy
(10:09 / All) RawAndBleeding: You can't deal with 1 hero
(10:16 / All) RawAndBleeding: You let like 6 peasants die to it
(10:16 / All) zion360: I did
(10:18 / All) RawAndBleeding: and had too many on gold
(10:32 / All) zion360: 5 is how max my friend
(10:35 / All) RawAndBleeding: If that's your idea of properly dealing with a hero I wouldn't want to see you deal with an army
(10:39 / All) Tk-Noobfollower: ASL?
(10:39 / Allies) Unknow_name: b
(10:42 / All) RawAndBleeding: would you let your army all die
(10:45 / All) RawAndBleeding: then when they tpa way
(10:51 / All) RawAndBleeding: say you dealt with it?????
(10:51 / All) zion360: you ran like a bitch
(11:01 / All) Tk-Noobfollower: ASL blue?
(11:05 / All) RawAndBleeding: No I tped out because I did the damage
(11:10 / All) RawAndBleeding: Why would I stay after I had already raped you?
(11:17 / All) sodapaopgirlq: dat micro teal
(11:18 / All) RawAndBleeding: The rapist doesn't stay around after they've finished
(11:21 / All) zion360: not really. My mine is still there
(11:41 / All) RawAndBleeding: Yeah and could have been harvesting gold for longer but you let every peasant die
(11:54 / All) zion360: nope had two when you left
(12:06 / Allies) Opponet: lumber fast please
(12:07 / Allies) Opponet: ?
(12:08 / All) RawAndBleeding: and had 6 die
(12:11 / All) RawAndBleeding: That's a bit of gold
(12:14 / All) RawAndBleeding: You could have had 0 die
(12:18 / All) zion360: nope just five
(12:20 / Allies) Opponet: ty
(12:23 / All) RawAndBleeding: 5 too many
(12:28 / All) RawAndBleeding: when it could have been 0
(12:29 / All) zion360: and I have more money than I need. had that expo up fast
(12:30 / All) RawAndBleeding: but you suck ass
(12:35 / All) RawAndBleeding: How much do you have?
(12:54 / All) Tk-Noobfollower: oj
(12:57 / All) Tk-Noobfollower: do you even lift
(12:58 / All) RawAndBleeding: Wrong base buddy
(13:11 / All) RawAndBleeding: lmao
(13:15 / All) RawAndBleeding: Militia is the wrong move buddy
(13:17 / All) Tk-Noobfollower: XD
(13:24 / All) zion360: naw
(13:31 / All) Tk-Noobfollower: yellow getting embarrassed
(13:35 / All) Tk-Noobfollower: at least yellow lifts!
(13:40 / All) RawAndBleeding: Was that a good hold yellow?
(13:52 / All) RawAndBleeding: Was that cost effective to you buddy?
(14:00 / All) Tk-Noobfollower: wow teal
(14:02 / All) Tk-Noobfollower: you are mine
(14:04 / Allies) Carley: tankws
(14:10 / All) RawAndBleeding: lol
(14:11 / All) zion360: lol, run more
(14:12 / All) Tk-Noobfollower: you are mine
(14:29 / All) Tk-Noobfollower: say good bye to that expo kid
(14:47 / All) Tk-Noobfollower: I AINT SCURRRRED
(14:52 / All) RawAndBleeding: How much gold do you have buddy boy yellow?
(14:58 / All) zion360: more than you
(15:02 / All) RawAndBleeding: I have 5k buddy boy
(15:06 / All) RawAndBleeding: I don't think you have thatm uch
(15:13 / All) Tk-Noobfollower: |BUILD THAT FARM
(15:14 / All) Tk-Noobfollower: NIGGA
(15:16 / All) RawAndBleeding: I have an early expo too
(15:18 / All) zion360: lol
(15:20 / All) RawAndBleeding: The difference is I don't lose 30 peasants
(15:33 / All) Tk-Noobfollower: i said
(15:37 / All) Tk-Noobfollower: i aint scurrrrred
(15:41 / All) Tk-Noobfollower: LOL blue
(15:45 / Allies) Opponet: wtf purp
(15:46 / Allies) Opponet: come
(15:59 / Allies) Opponet: damn man late tp!
(16:07 / All) Tk-Noobfollower: hey guys
(16:14 / All) sodapaopgirlq: rapee elol
(16:16 / All) sodapaopgirlq: 1v4
(16:26 / All) RawAndBleeding: For a Zionist you aren't very good at hoarding gold
(16:34 / All) Tk-Noobfollower: thats embarrassing
(16:41 / Allies) Opponet: massing fiends
(16:42 / All) Tk-Noobfollower: wait
(16:45 / All) Tk-Noobfollower: was purps first hero lich?
(17:18 / All) Tk-Noobfollower: teal appologize for what you did to my expo
(17:22 / All) Tk-Noobfollower: or I kill your main
(17:27 / All) Tk-Noobfollower: you have 2 mins
(18:37 / All) sodapaopgirlq: ARE U THE GATE KEEPERRRRRRRRRRRR
(18:42 / All) XxWizardFacexX: lololol
(18:49 / All) Tk-Noobfollower: baby you're a fireworkkkkk
(19:10 / All) sodapaopgirlq: MY DAD said the chick on ghostbusters/alien is a bad actress and only gets work cuz of her looks
(19:14 / All) sodapaopgirlq: i have to say im not seeing it
(19:16 / All) sodapaopgirlq: she is ugly
(19:27 / All) XxWizardFacexX: lol sigourney weaver
(19:33 / Allies) Opponet: wait
(19:34 / Allies) Opponet: wait
(19:34 / Allies) Opponet: wait
(19:37 / All) sodapaopgirlq: shes really ugly
(19:39 / Allies) Opponet: meet
(19:43 / All) Tk-Noobfollower: whos ugly
(19:48 / All) Tk-Noobfollower: Teal?
(19:54 / All) XxWizardFacexX: sigourney weaver
(19:54 / All) sodapaopgirlq: him 2
(20:12 / All) Tk-Noobfollower: hey teal
(20:14 / All) RawAndBleeding: Hey yellow
(20:16 / All) Tk-Noobfollower: greens expoing at your old one
(20:17 / All) RawAndBleeding: Do you like food blocks?
(20:19 / All) Tk-Noobfollower: do something about it
(20:20 / All) Tk-Noobfollower: fag
(21:30 / All) RawAndBleeding: Welcome to food block hell
(21:33 / All) sodapaopgirlq: owww
(21:56 / All) RawAndBleeding: running peasants lol
(22:06 / All) RawAndBleeding: How much gold do you have buddy?
(22:07 / All) sodapaopgirlq: LOL!
(22:09 / All) RawAndBleeding: How much gold do you have?
(22:12 / All) zion360: 6k
(22:13 / All) RawAndBleeding: Yellow how much gold do you have buddy?
(22:18 / All) RawAndBleeding: No
(22:20 / All) RawAndBleeding: You have 2.3k
(22:23 / All) RawAndBleeding: I have 6k
(22:23 / All) Tk-Noobfollower: he has 1k
(22:25 / All) Tk-Noobfollower: 2k
(22:26 / All) Tk-Noobfollower: lol
(22:29 / All) zion360: no
(22:34 / All) RawAndBleeding: Nice lie try buddy boy
(22:46 / All) Tk-Noobfollower: tp
(23:01 / All) RawAndBleeding: No peasants, yellow
(23:19 / All) RawAndBleeding: Nice try
(23:19 / All) zion360: idiots
(23:22 / All) RawAndBleeding: Not 1 gryphon died
(23:37 / All) zion360: cause they are on AA and fucking it up
(24:29 / All) Tk-Noobfollower: teal yoiu still see green bm with that mh?
(25:32 / All) RawAndBleeding: Hey pink
(25:38 / All) RawAndBleeding: Are you excited to join yellow in food block hell?
(25:50 / All) XxWizardFacexX: my team sucks dick dude
(25:58 / All) RawAndBleeding: You're am ember on it
(26:00 / All) RawAndBleeding: no wonder it's having issues
(26:07 / All) zion360: oj is pretending he hacks
(26:20 / All) RawAndBleeding: I'm pretending?
(26:21 / All) RawAndBleeding: How so?
(26:23 / All) XxWizardFacexX: maybe if theres fewer of these fags theyll pay more attention
(27:24 / All) sodapaopgirlq: i did not
(27:28 / Allies) Opponet: stick together!
(27:29 / Allies) Opponet: please
(27:35 / All) Tk-Noobfollower: green did it
(27:35 / Allies) Opponet: oj and teal are totattly apart
(27:53 / Allies) Opponet: teal come to me and oj
(29:36 / Allies) Carley: i took out a lot of his tanks
(29:45 / Allies) RawAndBleeding: Good work
(29:54 / Allies) Opponet: ty
(29:55 / Allies) Carley: death and decay :D
(29:56 / Allies) Opponet: purp
(30:10 / Allies) Opponet: oj slide some gold?
(30:13 / Allies) Carley: got enough gold and wood oj
(30:14 / Allies) Carley: loll
(30:36 / Allies) Opponet: im still able to buildoj
(30:39 / Allies) Opponet: wh do u need
(30:53 / All) RawAndBleeding: Come back
(30:55 / All) RawAndBleeding: Fight
(30:57 / All) RawAndBleeding: don't run
(30:58 / All) RawAndBleeding: pussy
(31:04 / All) zion360: naw
(31:05 / Allies) Carley: seriously OJ share some of that stuffs
(31:10 / All) RawAndBleeding: Look at what a running squealing pussy yellow is
(31:15 / Allies) Carley: only way we willl win
(31:16 / Allies) Opponet: its ok
(31:31 / All) Carley: oj is a pussay
(31:36 / All) zion360: but hey, at least pink is doing jack shit as usual
(31:45 / All) RawAndBleeding: Say that again, purple
(31:48 / All) Tk-Noobfollower: why purp?
(31:52 / All) Opponet: lol wtf
(32:00 / Allies) Carley: ;)
(32:06 / All) Carley: oj is a dirty vagina
(32:13 / Allies) Opponet: lo oj stop
(32:16 / Allies) Opponet: thats me not purple
(32:18 / All) RawAndBleeding: Apologise, purple
(32:21 / All) RawAndBleeding: Or we lose
(32:23 / All) Carley: sorry?
(32:24 / All) Carley: lol
(32:25 / Allies) Opponet: lmao wtf
(32:28 / Allies) Opponet: its blue
(32:29 / Allies) Opponet: not puprle
(32:31 / Allies) Carley: oj
(32:32 / Allies) Carley: that is blue
(32:33 / All) RawAndBleeding: Say "orange is the #1 player on battle.net today"
(32:35 / Allies) Carley: you colorblind fuck
(32:37 / All) RawAndBleeding: and say you confess your sins
(32:42 / All) Carley: oj
(32:44 / All) RawAndBleeding: He's collateral damage
(32:45 / All) Carley: that is blue
(32:45 / All) RawAndBleeding: A surrogate
(32:47 / All) Carley: you colorblind fuck
(32:48 / All) Carley: l0l
(32:49 / All) zion360: cheating makes you #1? sure
(32:50 / All) Tk-Noobfollower: BI
(32:51 / All) Tk-Noobfollower: NO
(32:51 / All) RawAndBleeding: I can't kill you so I kill him
(32:52 / All) Tk-Noobfollower: NO
(32:53 / All) Tk-Noobfollower: NO
(32:54 / All) Tk-Noobfollower: KODO #1
(32:57 / All) Tk-Noobfollower: SHUT THE FUCK UP
(32:58 / All) Opponet: lmao wtf is going on
(33:00 / Allies) Unknow_name: wtf oj
(33:00 / All) Carley: ;mfao
(33:01 / All) Opponet: hahahahahahahahahahaha
(33:14 / All) Carley: nigga you colorblind as my dog
(33:15 / All) Carley: nigga
(33:15 / Allies) Opponet: oj u cost us game
(33:24 / All) Tk-Noobfollower: PINK IM NOT GOLDING YOU FOR CHEAP ORC STRIPPERS
(33:27 / All) Carley: blue you asss anyway
(33:30 / All) Carley: you had like 4 fiends
(33:34 / All) RawAndBleeding: I'm gonna creep
(33:39 / All) Opponet: u died purple
(33:42 / All) Opponet: lmao
(33:46 / All) Carley: nigga
(33:50 / All) Carley: you just lucky he attacked my base first
(33:55 / All) Opponet: nah not even
(34:00 / All) Carley: yeah cuz
(34:03 / All) Carley: your 4 crypt fiends
(34:04 / All) Opponet: i would of tp and made him eat my balls
(34:05 / All) Carley: are gunna stop 20 tanks
(34:05 / All) Carley: yeah
(34:07 / All) Carley: yeah yeah
(34:15 / All) Opponet: are u high off of fake weed
(34:21 / All) Carley: nah
(34:22 / All) Carley: this shit real
(34:27 / All) Carley: ganja mah niggah
(34:35 / All) Opponet: no wonder u talking that BS
(34:40 / All) Opponet: it makes sense now
(34:51 / All) Carley: swerve cuh
(35:03 / All) Opponet: lmao ok hahahahahaha
(35:09 / All) Opponet: swerce cuh lmao
(35:09 / All) Carley: nigga you stupid
(35:17 / All) Opponet: wtf is "cuh"
(35:43 / All) RawAndBleeding: Thank you, blue
(35:44 / All) Carley: "Cuh" is a slang term for the commonly used term "cousin" mostly used by African American men and women in Chicago
(35:45 / All) RawAndBleeding: Very obedient
(35:56 / All) RawAndBleeding: Are you an African American in Chicago, purple?
(36:03 / All) Carley: on
(36:04 / All) Carley: no
(36:17 / All) RawAndBleeding: Then why do you try to act like one?
(36:22 / All) Carley: because cuh
(36:24 / All) Carley: those niggas my idle
(36:28 / All) Unknow_name: gg
(36:31 / All) Opponet: Gg
(36:32 / All) Carley: they all fly as shit
(36:33 / All) Carley: up in thur
(36:38 / All) Carley: like the girls be pussy poppin
(36:39 / All) Tk-Noobfollower: bluue
(36:42 / All) Tk-Noobfollower: stay for the show
(36:43 / All) Opponet: yea
(36:46 / All) Opponet: what show
(36:52 / All) Carley: nigga oj gunna fuck you bitches up
(36:56 / All) Carley: he sgot those footsises
(37:05 / All) Opponet: your english is ba can u stop please
(37:09 / All) RawAndBleeding: I just need them to actually have anything worth attacking
(37:09 / All) Opponet: cuh
(37:12 / All) Carley: nigga
(37:13 / All) Carley: listen
(37:18 / All) Carley: listen please
(37:19 / All) Carley: nigga
(37:22 / All) Carley: nah
(37:23 / All) Carley: nigga
(37:24 / All) Carley: listen
(37:28 / All) Carley: im like Siri
(37:31 / All) Carley: nigga
(37:31 / All) zion360: thanks for the tk red
(37:32 / All) Carley: please
(37:33 / All) zion360: moron
(37:35 / All) Opponet: oh so u a bitch?
(37:41 / All) Carley: nah nah
(37:43 / All) Carley: i said
(37:44 / All) Carley: im "like"
(37:45 / All) Carley: Siri
(37:46 / All) Tk-Noobfollower: "moron" you were useless all game
(37:48 / All) Carley: not siri
(37:49 / All) Carley: nigga
(37:58 / Allies) Opponet: oh so u "like" a bitch
(38:04 / All) Carley: nah nigga see
(38:05 / All) Tk-Noobfollower: watch your peasants run
(38:08 / All) Carley: your twisting mah words
(38:08 / All) Carley: nigga
(38:09 / All) zion360: red just decided to end if for you guys
(38:11 / All) Carley: damn
(38:11 / All) RawAndBleeding: And you said your team sucks
(38:17 / All) RawAndBleeding: Free knights
(38:18 / All) Opponet: no im just calling u a bitch
(38:20 / All) Tk-Noobfollower: stay for the show yellow and blue
(38:20 / All) Opponet: cuh
(38:32 / All) Carley: oh shit cuh
(38:34 / All) Carley: oh shit
(38:39 / All) Opponet: hurry up? i have to go soon
(38:40 / All) Carley: OH SHIT
(38:43 / All) Carley: SHIS GETTING REAL
(38:44 / All) Carley: OH SHIT
(38:45 / All) Carley: SHITTTT
(38:49 / All) Carley: oh cuh
(38:51 / All) Carley: listenn
(38:52 / All) Carley: niggaa
(38:53 / All) Carley: please
(39:08 / All) Carley: teal wtf u doing
(39:11 / All) Carley: damn bitch
(39:19 / All) Carley: ah you better run now
(39:25 / All) Carley: OHHHHHH SHITT
(39:26 / All) Carley: OHHHH SHIT
(39:27 / All) Carley: SHITTTT
(39:30 / All) Carley: CUHHH
(39:36 / All) Carley: yeah bitch yeah bitch i am steve o
(39:40 / All) Opponet: OHHHHHHH SHITTTTT
(39:40 / All) Carley: yeah bitch yeah bitch i am steve 0
(39:43 / All) Opponet: now i see it
(39:47 / All) XxWizardFacexX: fuck all yall!
(39:47 / All) Opponet: damn brah brah get em
(39:58 / All) Carley: new niggas isnt new niggas
(40:07 / All) sodapaopgirlq: 30 apm battle right here
(40:08 / All) Carley: BLUE
(40:11 / All) Carley: DO WORK WITH THAT FIEN
(40:13 / All) Carley: MAH NIGGA
(40:15 / All) XxWizardFacexX: Red is tking
(40:18 / All) Carley: SHEEET
(40:28 / All) Opponet: AHHHHHHHHHHHHHHHHHHHHHHHHHHHHH
(40:32 / All) Carley: RAW AND BLEEDING?
(40:39 / All) Carley: RAW AND BLEEDING LIKE YO ASSHOLE AFTER YOUR DADDY DONE RAPING It
(40:42 / All) Carley: OHHHHHHHHHHHHHHHHHHHHHH
(40:49 / All) Carley: sheet cuh
(40:50 / All) Carley: back off
(40:54 / All) Carley: take a step back
(41:02 / All) Carley: maybe 2
(41:27 / All) Carley: ah good thing hes got a lot of units
(41:28 / All) Carley: damn
(41:29 / All) zion360: wow, green is helping red
(41:30 / All) Tk-Noobfollower: yeah cuh
(41:36 / All) sodapaopgirlq: cu zu tked red
(41:36 / All) RawAndBleeding: They gave me all their shit and left
(41:38 / All) sodapaopgirlq: idiet
(41:43 / All) zion360: he was tking us moron
(41:51 / All) sodapaopgirlq: i was watching the whole time
(41:56 / All) Tk-Noobfollower: what did i do to deserve this
(42:03 / All) Tk-Noobfollower: you assholes
(42:07 / All) zion360: you destroyed my mines
(42:17 / Allies) Carley: OJ nigga stop
(42:18 / Allies) Carley: i got this
(42:20 / Allies) Carley: i got a plan
(42:28 / All) Tk-Noobfollower: but NIGGA
(42:30 / All) Tk-Noobfollower: you can't hid
(42:39 / All) Carley: NIGGA WHO THE FUCK GAVE YOU THE RIGHT TO SAY NIGGA
(42:40 / All) Carley: wtf
(42:44 / All) Carley: fuckin nigga
(42:49 / All) Carley: some people are niggas round her
(42:52 / All) Tk-Noobfollower: teal
(43:00 / All) Tk-Noobfollower: CANCEL YOUR EXPO
(43:01 / All) Tk-Noobfollower: NOW
(43:12 / All) Tk-Noobfollower: teal
(43:13 / All) Tk-Noobfollower: im coming
(43:15 / All) Carley: nigga whatthe fuck
(43:17 / All) Tk-Noobfollower: so you better cancel
(43:28 / All) XxWizardFacexX: im gonna smoke weed eat pasta from spaghetti factory and drink wine and watch you faggots play this out. Bitches.
(43:30 / All) Carley: die nigga
(43:38 / All) sodapaopgirlq: LOL
(43:38 / All) RawAndBleeding: You will be playing it out in the end, pink
(43:39 / All) Tk-Noobfollower: then
(43:40 / All) XxWizardFacexX: bitch.
(43:40 / All) RawAndBleeding: If all goes well
(43:41 / All) sodapaopgirlq: dysnfogg
(43:42 / All) RawAndBleeding: Not us
(43:44 / All) sodapaopgirlq: standoff
(43:48 / All) Tk-Noobfollower: make that altar teal
(43:54 / All) Tk-Noobfollower: I HAVE THIS MAP READY
(43:56 / All) Tk-Noobfollower: WARDED
(44:01 / All) sodapaopgirlq: purple would u be willing to leave ur internet/wc3 on all night
(44:11 / All) Carley: uhm
(44:12 / All) Carley: maybe
(44:14 / All) Carley: depends
(44:28 / All) sodapaopgirlq: cuz thats wuts gonna happen
(44:33 / All) XxWizardFacexX: this spaghetti is so good!
(44:40 / All) Carley: wooo
(44:41 / All) Carley: fuck yall niggas
(44:44 / All) XxWizardFacexX: now red's bsing faggot ass is mad that green isnt playing
(44:45 / All) Carley: get down and lay down
(44:51 / All) Carley: shoot up everythang except a school or playground
(44:52 / All) XxWizardFacexX: he wants to win after red fucked us
(44:53 / All) Tk-Noobfollower: YEAH IM SO MAD AT GREEN
(44:55 / All) Tk-Noobfollower: FUCKING FAG
(45:00 / All) Tk-Noobfollower: tking your ass
(45:09 / All) Carley: now jump up on dat dick and do a full split
(45:10 / All) Carley: yeah
(45:11 / All) Carley: fo
(45:23 / All) Carley: NIGGA WHAT THE FUCK OJ
(45:24 / All) zion360: why do losers like you even play this game? Just sit at home and jerk it all day fag
(45:25 / All) Carley: DAMN GIRL
(45:27 / All) Carley: FUCKING JESUS
(45:36 / All) RawAndBleeding: Nice try
(45:40 / All) Tk-Noobfollower: yellow, who has over 300 games played
(45:41 / All) Carley: nigga
(45:41 / All) Tk-Noobfollower: says that
(45:42 / All) sodapaopgirlq: this is 4v4rt in a nutshell yellow
(45:44 / All) Carley: i was gunna rape that bitch
(45:45 / All) Carley: in the asssss
(45:47 / All) RawAndBleeding: Nothing personal purple
(45:51 / All) RawAndBleeding: It's just that no units can survive
(46:02 / All) sodapaopgirlq: 30 apm, talking shit, and being arrogant
(46:03 / All) Carley: so what the fuck is the goal
(46:03 / All) zion360: tking and fucking your own team is 4v4 in a nutshell?
(46:03 / All) Carley: of this
(46:13 / All) RawAndBleeding: To give you equal chances at winning
(46:21 / All) Carley: nigga i got that
(46:23 / All) Carley: AOL
(46:23 / All) Carley: internet
(46:32 / All) sodapaopgirlq: 56k?
(46:34 / All) Tk-Noobfollower: they sell that to hoodrats?
(46:39 / All) zion360: have fun sucking each other's dicks
(46:52 / All) sodapaopgirlq: we're gonna leave so u better stay
(47:01 / All) Carley: i suck 9 dicks a night
(47:01 / All) sodapaopgirlq: i forget who was our side
(47:03 / All) Carley: depending on how many
(47:05 / All) Tk-Noobfollower: purp vs pink
(47:06 / All) Carley: idcks are avilable
(47:08 / All) RawAndBleeding: Finish your side
(47:10 / All) RawAndBleeding: Mine is done
(47:20 / All) Tk-Noobfollower: workin on ti
(48:29 / All) RawAndBleeding: There's a lot more towers at my main
(48:39 / All) Tk-Noobfollower: yeah ill be there shortly
(48:40 / All) XxWizardFacexX: did we lose broskis?
(48:48 / All) RawAndBleeding: No
(48:51 / All) sodapaopgirlq: still to be determined
(48:52 / All) RawAndBleeding: You have an equal chance at winning
(48:58 / All) XxWizardFacexX: yay!
(49:06 / All) sodapaopgirlq: we told purple the score
(49:08 / All) RawAndBleeding: Just have to leave your computer on all night
(49:10 / All) Tk-Noobfollower: smoke a bowl relax and see who wins
(49:20 / All) RawAndBleeding: I'm sure your internet is better than you were
(49:21 / All) Tk-Noobfollower: yo stoners
(49:21 / All) XxWizardFacexX: if we win i get back to 50-50 after a huge losing streak bc ive been playing drunk and high.
(49:21 / All) sodapaopgirlq: we'll whisper u tomorrow if game is still on
(49:26 / All) RawAndBleeding: Probably a higher chance this way
(49:40 / All) XxWizardFacexX: i went from up 30 to like down 10. so im climbing out of the hole
(49:46 / All) sodapaopgirlq: pink
(49:48 / All) sodapaopgirlq: u got some zepps
(50:04 / All) XxWizardFacexX: i aint playing shit man. i got tkd and now im chillin.
(50:19 / All) Tk-Noobfollower: let it begin!!!!!!!!!
(50:24 / All) RawAndBleeding: I gave you everything purple
(50:31 / All) RawAndBleeding: Use it to get outta da hood
(50:43 / All) RawAndBleeding: LET IT BEGIN, LET IT BEGIN!